 Dungeon Crawl Stone Soup version 0.14-a0-1029-g9530a8b (webtiles) character file.

1625 Inkie the Grappler (level 8, -7/60 HPs)
             Began as a Lava Orc Transmuter on Nov 23, 2013.
             Mangled by an ice beast (28 damage)
             ... on Level 5 of the Dungeon.
             The game lasted 00:31:13 (8029 turns).

Inkie the Grappler (Lava Orc Transmuter)            Turns: 8029, Time: 00:31:25

HP  -7/60        AC  2     Str 13      XL: 8   Next: 44%
MP   0/11        EV 12     Int 15      God:
Gold 204         SH  0     Dex 11      Spells:  3 memorised,  2 levels left

Res.Fire  : + + +   See Invis. : .     - Unarmed
Res.Cold  : x . .   Warding    : .   I - +0 orc robe (curse)
Life Prot.: . . .   Conserve   : .   (no shield)
Res.Poison: .       Res.Corr.  : .   H - +0 wizard hat
Res.Elec. : .       Clarity    : .   (no cloak)
Sust.Abil.: . .     Spirit.Shd : +   (no gloves)
Res.Mut.  : .       Stasis     : .   (no boots)
Res.Rott. : .       Flight     : .   i - cursed amulet of guardian spirit
Saprovore : + . .                    (no ring)
                                     y - cursed ring of protection from magic {unknown}

@: quite resistant to hostile enchantments, unstealthy
A: conserve scrolls, saprovore 1
a: no special abilities


You were on level 5 of the Dungeon.
You were not hungry.

You visited 1 branch of the dungeon, and saw 5 of its levels.
You also visited: Ossuary.

You collected 204 gold pieces.

Inventory:

Missiles
 e - 8 tomahawks (quivered)
Armour
 H - a +0 wizard hat (worn)
 I - a cursed +0 orcish robe (worn)
Magical devices
 v - a wand of flame (1)
Comestibles
 g - a pear
 o - 2 bread rations
 w - an apple
 x - an orange
Scrolls
 a - a scroll of amnesia {unknown}
 b - a scroll of enchant weapon I {unknown}
 f - 8 scrolls of curse weapon {unknown}
 h - 2 scrolls of remove curse
 l - 2 scrolls of teleportation
 m - a scroll of enchant weapon II
 n - 6 scrolls of identify
 p - a scroll of enchant armour {unknown}
 u - a scroll of curse jewellery {unknown}
 F - a scroll of magic mapping
Jewellery
 i - a cursed amulet of guardian spirit (around neck)
 j - a cursed amulet of inaccuracy {unknown}
 y - a cursed ring of protection from magic (left hand) {unknown}
Potions
 c - a potion of lignification {unknown}
 k - 2 potions of mutation
 r - 5 potions of curing
 t - a potion of resistance {unknown}
 z - 2 potions of speed
 A - 2 potions of restore abilities
Books
 d - a book of Changes

   Spells                             Type                      Level
   *Beastly Appendage                 Transmutation                1
   Sticks to Snakes                   Transmutation                2
   *Spider Form                       Transmutation/Poison         3
   *Ice Form                          Ice/Transmutation            4
   Blade Hands                        Transmutation                5


   Skills:
 - Level 1.2 Fighting
 - Level 1.5 Dodging
 + Level 11.5 Unarmed Combat
 - Level 1.5 Spellcasting
 - Level 2.6 Transmutations
 - Level 1.3 Evocations


You had 2 spell levels left.
You knew the following spells:

 Your Spells              Type           Power        Failure   Level  Hunger
a - Beastly Appendage     Trmt           #.....       10%         1    ##.....
b - Ice Form              Ice/Trmt       #.........   97%         4    #####..
c - Spider Form           Trmt/Pois      #.........   43%         3    ####...


Dungeon Overview and Level Annotations

Branches:
Dungeon (5/16)
 Temple: D:4-7

Altars:

Shops:
D:4 +

Annotations:
D:2 Sigmund


Innate Abilities, Weirdness & Mutations

You have stony skin.
Your flesh is almost immune to the effects of heat.
Your fire spells are more powerful.
Your flesh is vulnerable to cold.
Your heat harms attackers.
You bathe your surroundings in blazing heat.
You are too hot to use scrolls.
You are very good at protecting items from fire.
You can tolerate rotten meat.


Message History

The ice beast is lightly wounded.
The ice beast hits you. The ice beast freezes you!
You feel a terrible chill!
* * * LOW HITPOINT WARNING * * *
The ice beast is singed by your heat.
The ice beast is moderately wounded.
Your talons disappear.
The ice beast hits you.
* * * LOW HITPOINT WARNING * * *
The ice beast freezes you!
You feel a terrible chill!
* * * LOW HITPOINT WARNING * * *
The ice beast melts!
The ice beast is singed by your heat.
The ice beast is moderately wounded.
Drink which item? (? for menu, Esc to quit)
You feel much better.
The ice beast is burned by your radiant heat.
The ice beast is severely wounded.
The ice beast hits you. The ice beast freezes you!
You feel a terrible chill!
Your potion of magic freezes and shatters!
One of your 6 potions of curing freezes and shatters!
You die...

......%..#
#.........#.....#
.......#.#
#.........'.##.##
########.#
.........#.##.# #.#
######...#....# #.#
####.#....# ########.#
#....#.##.# .........#
#.####....#
.####################.#
######
.##............I@.....#
....###################
#####


You could see an ice beast.

Vanquished Creatures
  The ghost of wojtek the Insei, an average DrTm (D:4)
  Menkaure (D:4)
  An ice beast (D:5)
  A sky beast (D:4)
  2 ogres
  A giant goldfish (D:3)
  A giant frog (D:4)
  A jellyfish (D:3)
  A hound (D:4)
  A centaur zombie (Ossuary)
  A giant frog zombie (D:5)
  A human zombie (Ossuary)
  A big fish (D:3)
  3 worker ants
  3 orc wizards
  2 big kobold zombies (Ossuary)
  4 mummies (Ossuary)
  A worker ant zombie (D:4)
  3 gnolls (D:5)
  3 giant mites
  6 adders
  A worm (D:4)
  A giant eyeball (D:4)
  An ooze (D:4)
  13 orcs
  11 bats
  2 gnoll zombies (Ossuary)
  8 hobgoblins
  6 giant cockroaches
  4 giant geckos (D:1)
  A giant gecko zombie (D:5)
  7 giant newts
  9 goblins
  2 goblin zombies (Ossuary)
  A hobgoblin skeleton (D:4)
  14 kobolds
  A quokka skeleton (D:5)
  15 rats
136 creatures vanquished.

Notes
Turn   | Place    | Note
--------------------------------------------------------------
     0 | D:1      | Inkie, the Lava Orc Transmuter, began the quest for the Orb.
     0 | D:1      | Reached XP level 1. HP: 16/16 MP: 1/1
   530 | D:1      | Reached skill level 4 in Unarmed Combat
   530 | D:1      | Reached XP level 2. HP: 23/23 MP: 2/2
   903 | D:1      | Reached XP level 3. HP: 28/28 MP: 4/4
  1557 | D:1      | Reached skill level 5 in Unarmed Combat
  2246 | D:2      | Reached XP level 4. HP: 30/35 MP: 5/5
  2469 | D:2      | Noticed Sigmund
  2664 | D:3      | Gained mutation: You are somewhat resistant to further mutation. [potion of mutation]
  2664 | D:3      | Lost mutation: You are somewhat resistant to further mutation. [potion of mutation]
  2669 | D:3      | Reached skill level 6 in Unarmed Combat
  3107 | D:3      | Noticed a giant goldfish
  3110 | D:3      | Noticed a giant goldfish
  3126 | D:3      | Killed a giant goldfish
  3126 | D:3      | Reached XP level 5. HP: 20/40 MP: 6/6
  3127 | D:3      | Reached skill level 7 in Unarmed Combat
  3717 | D:3      | Reached XP level 6. HP: 37/47 MP: 8/8
  4596 | D:4      | Noticed wojtek's ghost (average DrTm)
  4698 | D:4      | Found a sand-covered staircase.
  4711 | Ossuary  | Entered an ossuary
  4949 | Ossuary  | Reached skill level 8 in Unarmed Combat
  5564 | D:4      | Reached XP level 7. HP: 50/53 MP: 9/9
  5720 | D:4      | Paralysed by a giant eyeball for 2 turns
  5767 | D:4      | Killed wojtek's ghost
  5767 | D:4      | Reached skill level 9 in Unarmed Combat
  5767 | D:4      | Reached skill level 1 in Evocations
  5898 | D:4      | Found Gikeimamp's Book Boutique.
  5916 | D:3      | Learned a level 4 spell: Ice Form
  5920 | D:3      | Learned a level 3 spell: Spider Form
  6430 | D:4      | Noticed Menkaure
  6458 | D:4      | Killed Menkaure
  6458 | D:4      | Reached skill level 10 in Unarmed Combat
  6756 | D:4      | Reached XP level 8. HP: 28/60 MP: 4/11
  6945 | D:5      | Entered Level 5 of the Dungeon
  7293 | D:5      | Reached skill level 11 in Unarmed Combat
  8024 | D:5      | HP: 1/60 [ice beast (11)]
  8029 | D:5      | Mangled by an ice beast

Action                   |  1- 3 |  4- 6 |  7- 9 || total
-------------------------+-------+-------+-------++-------
Melee: Unarmed           |   176 |   241 |   190 ||   607
Throw: Tomahawk          |     1 |    25 |       ||    26
 Cast: Beastly Appendage |       |     2 |     9 ||    11
       Spider Form       |       |       |     1 ||     1
Evoke: Wand              |       |    12 |       ||    12
  Use: Potion            |       |     5 |     1 ||     6
       Scroll            |       |    16 |       ||    16
 Stab: Sleeping          |       |       |     1 ||     1
